 Dungeon Crawl Stone Soup version 0.28-b1-25-g9875b3fc8c (webtiles) character file.

Game seed: 7671977979493954662

30474 inmateoo the Thaumaturge (level 13, -3/72 HPs)
             Began as a Deep Elf Conjurer on Feb 7, 2022.
             Was a High Priest of Vehumet.
             Killed from afar by an electric eel (10 damage)
             ... with a bolt of electricity
             ... on level 12 of the Dungeon.
             The game lasted 00:41:29 (17190 turns).

inmateoo the Thaumaturge (Deep Elf Conjurer)       Turns: 17190, Time: 00:41:30

Health: -3/72      AC:  9    Str:  4    XL:     13   Next: 20%
Magic:  24/31      EV: 19    Int: 29    God:    Vehumet [*****.]
Gold:   793        SH:  5    Dex: 19    Spells: 16/36 levels left

rFire   + . .      SeeInvis .   y - staff of poison
rCold   + . .      Faith    .   (no shield)
rNeg    . . .      Spirit   .   G - +2 leather armour {rC+ rF+}
rPois   +          Reflect  +   (no helmet)
rElec   .          Harm     .   x - +0 cloak
rCorr   .          Rampage  .   (no gloves)
Will    +....                   n - +2 pair of boots
Stlth   +++++.....              g - amulet of reflection
HPRegen 0.22/turn               i - +6 ring of dexterity
MPRegen 0.22/turn               E - +4 ring of evasion

@: no status effects
A: no striking features
a: Renounce Religion


You were on level 12 of the Dungeon.
You worshipped Vehumet.
Vehumet was extremely pleased with you.
You visited 1 branch of the dungeon, and saw 12 of its levels.
You also visited: Sewer, Bailey and Ice Cave.

You collected 793 gold pieces.

Inventory:

Hand Weapons
 I - a +1 scimitar of flaming
Armour
 n - a +2 pair of boots (worn)
 x - a +0 cloak (worn)
 G - a +2 leather armour of resistance (worn)
Magical Staves
 s - a staff of cold
 y - a staff of poison (weapon)
 B - a staff of air
Jewellery
 a - a ring of positive energy
 g - an amulet of reflection (around neck)
 i - a +6 ring of dexterity (left hand)
 j - a ring of wizardry
 l - an amulet of guardian spirit
 E - a +4 ring of evasion (right hand)
Wands
 f - a wand of paralysis (11)
 h - a wand of acid (19)
 m - a wand of flame (24)
 o - a wand of digging (6)
 F - a wand of iceblast (12)
Scrolls
 c - 2 scrolls of enchant weapon
 p - a scroll of acquirement
 w - 6 scrolls of identify
 A - 2 scrolls of teleportation
 C - a scroll of fear
 H - a scroll of enchant armour {unknown}
Potions
 b - 3 potions of brilliance
 d - 6 potions of curing
 e - 2 potions of mutation
 k - a potion of flight
 r - 3 potions of invisibility
 t - 2 potions of heal wounds
 u - a potion of magic
 v - 3 potions of haste
 z - a potion of might
 D - a potion of berserk rage


   Skills:
 + Level 5.3 Fighting
 + Level 7.4 Dodging
 + Level 10.3 Stealth
 + Level 12.3 Spellcasting
 + Level 11.3 Conjurations
 - Level 5.0 Hexes
 - Level 3.0 Translocations
 + Level 5.7 Transmutations
 + Level 10.2 Fire Magic
 - Level 8.0 Earth Magic


You had 16 spell levels left.
You knew the following spells:

 Your Spells              Type           Power      Damage    Failure   Level
a - Magic Dart            Conj           100%       1d8       1%          1
b - Searing Ray           Conj           100%       2d8       1%          2
c - Apportation           Tloc           70%        N/A       1%          1
d - Fulminant Prism       Conj/Hex       30%        3d16      1%          4
e - Stone Arrow           Conj/Erth      100%       3d13      1%          3
f - Sticky Flame          Conj/Fire      69%        2d8       1%          4
g - Irradiate             Conj/Tmut      30%        3d23      1%          5

Your spell library contained the following spells:

 Spells                   Type           Power      Damage    Failure   Level
 Starburst                Conj/Fire      34%        6d10      2%          6
 Freeze                   Ice            68%        1d8       1%          1
 Dazzling Flash           Conj/Hex       100%       N/A       1%          3
 Hailstorm                Conj/Ice       50%        3d11      1%          4
 Iskenderun's Mystic Bla  Conj/Tloc      56%        2d12      1%          4
 Frozen Ramparts          Ice            34%        1d5       4%          3
 Freezing Cloud           Conj/Ice/Air   19%        6-21      9%          5
 Vampiric Draining        Necr           17%        2d7       16%         3
 Alistair's Intoxication  Tmut/Pois      34%        N/A       41%         5
 Animate Dead             Necr           8%         N/A       47%         4
 Summon Ice Beast         Ice/Summ       17%        N/A       47%         4
 Ozocubu's Refrigeration  Ice            8%         4d6       100%        7
 Polar Vortex             Ice            8%         N/A       100%        9


Dungeon Overview and Level Annotations

Branches:
Dungeon (12/15)            Temple (0/1) D:6            Lair (0/6) D:9
    Orc (0/2) D:10          Sewer (visited)          Bailey (visited)
  IceCv (visited)

Altars:
Ashenzari
Fedhas
Hepliaklqana
Kikubaaqudgha
Vehumet
Wu Jian
Yredelemnul

Annotations:
D:12 Frances


Message History

The eight-headed hydra barely misses you. x2
The eight-headed hydra bites you!
* * * LOW HITPOINT WARNING * * *
The eight-headed hydra bites you but does no damage.
The eight-headed hydra misses you.
The eight-headed hydra bites you but does no damage.
The eight-headed hydra completely misses you.
The boulder beetle leaps!
Aiming: Corrosive Bolt
Press: ? - help, Shift-Dir - straight line, f - eight-headed hydra
Aim: an eight-headed hydra (severely wounded, 90% to hit)
The bolt of acid hits the eight-headed hydra!
The eight-headed hydra is almost dead.
The bolt of acid misses the fire elemental.
The electric eel is engulfed in a cloud of scalding steam.
The eight-headed hydra bites you but does no damage.
You block the eight-headed hydra's attack.
The eight-headed hydra misses you.
You block the eight-headed hydra's attack.
The eight-headed hydra barely misses you.
The eight-headed hydra bites you!
* * * LOW HITPOINT WARNING * * *
The eight-headed hydra bites you but does no damage. x2
Aiming: Corrosive Bolt
Press: ? - help, Shift-Dir - straight line, f/p - eight-headed hydra
Aim: an eight-headed hydra (almost dead, 90% to hit)
The bolt of acid hits the eight-headed hydra!
The acid corrodes the eight-headed hydra!
You kill the eight-headed hydra!
Vehumet accepts your kill.
You feel your power returning.
The bolt of acid hits the fire elemental!
The acid corrodes the fire elemental!
You destroy the fire elemental!
Vehumet accepts your kill.
You feel your power returning.
The electric eel shoots out a bolt of lightning at you!
The bolt of electricity hits the fire elemental.
The fire elemental resists.
The bolt of electricity hits you!
You die...
B.☼#######.# PS.E°.†@÷..# h♣♣#######.#

You could see a boulder beetle, a fire elemental, a hell hound and an electric eel.

Vanquished Creatures
  Azrael (D:11)
  A hydra (D:12)
  A centaur warrior (D:9)
  A necromancer (IceCv)
  2 orc knights (Bailey)
  An ice statue (IceCv)
  4 centaur zombies
  Joseph (D:8)
  A gargoyle (D:10)
  13 ice devils
  4 freezing wraiths (IceCv)
  2 entropy weaver simulacra (IceCv)
  3 anaconda simulacra (IceCv)
  Grinder (D:5)
  Prince Ribbit (D:7)
  2 shadows (D:11)
  2 dire elephant simulacra (IceCv)
  21 yaks
  A wraith (D:6)
  A vampire (D:11)
  3 fire elementals (D:12)
  6 vampire mosquitoes
  A harpy simulacrum (IceCv)
  4 death yak simulacra (IceCv)
  2 acid dragons
  2 hell hounds (D:12)
  14 orc warriors
  4 ogres
  4 black bears
  5 centaurs
  2 phantoms
  2 kobold brigands
  A bullfrog (D:4)
  A wyvern zombie (D:9)
  5 cane toad simulacra (IceCv)
  A scorpion (D:6)
  A water moccasin zombie (D:5)
  2 water moccasin skeletons (D:5)
  A wyvern skeleton (D:7)
  4 killer bees
  3 elephant simulacra (IceCv)
  18 wights
  4 electric eels (D:10)
  6 howler monkeys
  7 orc priests
  2 hounds
  A gnoll shaman (D:5)
  A human zombie (D:9)
  2 jellies (D:6)
  A centaur skeleton (D:5)
  2 iguanas
  10 orc wizards
  A troll simulacrum (IceCv)
  2 polar bear simulacra (IceCv)
  A spriggan simulacrum (IceCv)
  2 killer bee zombies (D:9)
  6 wolf simulacra (IceCv)
  A hound skeleton (D:4)
  3 mummies (D:9)
  4 howler monkey zombies (D:9)
  5 adders
  16 gnolls
  3 howler monkey skeletons
  11 river rats (Sewer)
  2 naga simulacra (IceCv)
  2 white imps (D:5)
  3 ufetubi
  A dart slug (D:3)
  49 orcs
  6 bats
  3 endoplasms
  7 giant cockroaches
  8 goblins
  2 hobgoblins
  24 kobolds
  4 quokkas
  11 ball pythons
  5 frilled lizards
  22 rats
  3 fulminant prisms
393 creatures vanquished.

Vanquished Creatures (others)
  123 fulminant prisms
  7 plants
130 creatures vanquished.

Grand Total: 523 creatures vanquished

Notes
Turn   | Place    | Note
-------+----------+-------------------------------------------
     0 | D:1      | inmateoo the Deep Elf Conjurer began the quest for the Orb.
     0 | D:1      | Reached XP level 1. HP: 10/10 MP: 6/6
     0 | D:1      | Noticed a minotaur skeleton
    17 | D:1      | Noticed a minotaur skeleton
   279 | D:1      | Reached XP level 2. HP: 15/15 MP: 2/8
   674 | D:1      | Learned a level 2 spell: Searing Ray
   923 | D:2      | Reached XP level 3. HP: 19/19 MP: 8/10
  1568 | D:3      | Found a broken altar of Ashenzari.
  1988 | D:3      | Reached XP level 4. HP: 24/24 MP: 7/11
  1989 | D:3      | Reached skill level 4 in Spellcasting
  1994 | D:3      | Reached skill level 1 in Fighting
  1994 | D:3      | Reached skill level 5 in Conjurations
  2256 | D:4      | Reached XP level 5. HP: 29/29 MP: 4/13
  2461 | D:4      | Found an ancient bone altar of Kikubaaqudgha.
  2581 | D:4      | Reached skill level 5 in Spellcasting
  3058 | D:4      | Found a blossoming altar of Fedhas.
  3410 | D:4      | Reached skill level 6 in Spellcasting
  3436 | D:4      | Reached XP level 6. HP: 35/35 MP: 11/17
  3697 | D:5      | Entered Level 5 of the Dungeon
  3741 | D:5      | Found a radiant altar of Vehumet.
  3760 | D:5      | Became a worshipper of Vehumet
  3940 | D:5      | You fall into a shaft and drop 2 floors!
  4002 | D:7      | Noticed Prince Ribbit
  4012 | D:7      | Killed Prince Ribbit
  4013 | D:7      | Reached skill level 5 in Stealth
  4013 | D:7      | Reached XP level 7. HP: 23/40 MP: 16/19
  4309 | D:6      | Found a staircase to the Ecumenical Temple.
  4324 | D:6      | Reached skill level 7 in Spellcasting
  4384 | D:7      | Reached XP level 8. HP: 43/46 MP: 2/21
  4560 | D:6      | Reached skill level 5 in Dodging
  4571 | D:6      | Identified a scroll of acquirement
  4705 | D:6      | Reached skill level 8 in Spellcasting
  4733 | D:6      | Found a glowing drain.
  4735 | D:6      | Reached * piety under Vehumet
  4735 | D:6      | Offered knowledge of Foxfire by Vehumet.
  4797 | Sewer    | Entered a sewer
  5213 | Sewer    | Reached ** piety under Vehumet
  5303 | Sewer    | Offered knowledge of Freeze by Vehumet.
  5565 | D:6      | Learned a level 1 spell: Apportation
  5570 | D:6      | Learned a level 4 spell: Fulminant Prism
  5691 | D:6      | Reached skill level 1 in Hexes
  5691 | D:6      | Reached skill level 1 in Translocations
  5737 | D:6      | Reached skill level 9 in Spellcasting
  5737 | D:6      | Reached XP level 9. HP: 46/51 MP: 19/24
  6309 | D:5      | Offered knowledge of Stone Arrow by Vehumet.
  6516 | D:5      | Reached *** piety under Vehumet
  6581 | D:5      | Noticed Grinder
  6603 | D:5      | Paralysed by Grinder for 6 turns
  6612 | D:5      | Killed Grinder
  7118 | D:7      | Learned a level 3 spell: Stone Arrow
  7143 | D:7      | Found a hazy altar of Hepliaklqana.
  7414 | D:8      | Offered knowledge of Sticky Flame by Vehumet.
  7415 | D:8      | Reached skill level 10 in Spellcasting
  7415 | D:8      | Reached XP level 10. HP: 36/57 MP: 15/26
  7420 | D:8      | Learned a level 4 spell: Sticky Flame
  7426 | D:8      | Reached skill level 1 in Earth Magic
  7551 | D:8      | Noticed Joseph
  7572 | D:8      | Killed Joseph
  7573 | D:8      | Reached skill level 1 in Fire Magic
  7674 | D:8      | Reached skill level 5 in Hexes
  7678 | D:8      | Found a flagged portal.
  7687 | Bailey   | Entered a bailey
  7894 | Bailey   | Reached **** piety under Vehumet
  8339 | Bailey   | Offered knowledge of Yara's Violent Unravelling by Vehumet.
  8739 | Bailey   | Noticed an orc knight
  8740 | Bailey   | Noticed an orc knight
  8755 | Bailey   | Killed an orc knight
  8766 | Bailey   | Killed an orc knight
  8767 | Bailey   | Reached skill level 5 in Fighting
  9378 | D:9      | Noticed a centaur warrior
  9698 | D:8      | Reached skill level 11 in Spellcasting
  9954 | D:9      | HP: 2/59 [centaur warrior/arrow (23)]
  9955 | D:9      | Killed a centaur warrior
  9956 | D:9      | Reached skill level 10 in Stealth
  9956 | D:9      | Reached XP level 11. HP: 3/63 MP: 16/28
 10271 | D:9      | Found a staircase to the Lair.
 10370 | D:9      | Reached skill level 5 in Fire Magic
 10370 | D:9      | Reached skill level 5 in Earth Magic
 10591 | D:9      | Found a basalt altar of Yredelemnul.
 11171 | D:9      | Reached ***** piety under Vehumet
 11180 | D:9      | Offered knowledge of Irradiate by Vehumet.
 11488 | D:9      | Learned a level 5 spell: Irradiate
 11491 | D:9      | Reached skill level 5 in Transmutations
 11491 | D:9      | Reached XP level 12. HP: 68/68 MP: 29/29
 11524 | D:10     | Entered Level 10 of the Dungeon
 11550 | D:10     | Reached skill level 12 in Spellcasting
 11857 | D:10     | Found a staircase to the Orcish Mines.
 13199 | D:11     | Found an ornate altar of the Wu Jian Council.
 13285 | D:11     | Found a frozen archway.
 13383 | IceCv    | Entered an ice cave
 15025 | IceCv    | Found an ancient bone altar of Kikubaaqudgha.
 15075 | IceCv    | Reached skill level 10 in Fire Magic
 15174 | IceCv    | Reached XP level 13. HP: 57/72 MP: 21/31
 15833 | IceCv    | Got the Disquisition on the Unholy Snowflakes
 16321 | D:11     | Identified the +1 robe of the Iron City of Dis {Will+ rCorr
                  | Str+5 Int-3}
 16604 | D:12     | Noticed Frances
 16608 | D:12     | Offered knowledge of Starburst by Vehumet.
 16703 | D:12     | Noticed Azrael
 16955 | D:11     | Killed Azrael
 17190 | D:12     | Killed from afar by an electric eel

Illustrated notes

Levels and vault maps discovered:
D:1:      shiori_arrival_whats_in_store_for_you, layout_rooms,
          serial_bayou_pond_e
D:2:      layout_loops_ring
D:3:      layout_basic, overflow_temple_1_default, serial_bayou_pond_a
D:4:      layout_basic, marbit_many_paths, kiku_gazebo_pond_becter
D:5:      layout_basic, mainiacjoe_overflow_small_starburst, serial_rivers,
          chequers_serial_rivers_small_b, chequers_serial_rivers_room_a,
          chequers_serial_rivers_marsh, chequers_serial_rivers_room_b,
          uniq_grinder
D:6:      layout_rooms, minmay_temple_entry_statues_fountains,
          gup_sewer_entry_pipe
D:7:      layout_cave_pools, mainiacjoe_overflow_brackets, uniq_prince_ribbit1
D:8:      layout_basic, enter_bailey_2, uniq_joseph
D:9:      layout_basic, lemuel_mausoleum_altar_yredelemnul, lair_entry_dummy
D:10:     layout_basic, david_orc_3
D:11:     layout_roguey, portal_ice_cave_demonic_guard,
          nzn_wu_jian_contemplation
D:12:     layout_loops_ring, serial_bayou, serial_bayou_shore_b,
          serial_bayou_lagoon_a, serial_bayou_ford_a, serial_bayou_lagoon_b,
          uniq_azrael, uniq_frances

Skill      XL: |  1  2  3  4  5  6  7  8  9 10 11 12 |
---------------+-------------------------------------+-----
Stealth        | 3 4 5 7 8 10 | 10.3
Dodging        | 3 4 5 6 7 |  7.4
Spellcasting   | 4 6 7 9 10 11 12 | 12.3
Fighting       | 1 2 3 4 5 |  5.3
Conjurations   | 5 6 7 8 11 | 11.3
Hexes          | 1 4 5 |  5.0
Translocations | 1 3 |  3.0
Earth Magic    | 4 5 8 |  8.0
Fire Magic     | 4 5 10 | 10.2
Transmutations | 5 |  5.7

Action                   |  1- 3 |  4- 6 |  7- 9 | 10-12 | 13-15 || total
-------------------------+-------+-------+-------+-------+-------++-------
Melee: Unarmed           |     1 |       |       |       |       ||     1
       Scimitar          |       |       |     3 |       |       ||     3
       Staff             |       |       |     8 |     2 |       ||    10
 Cast: Magic Dart        |    83 |    71 |   149 |    61 |     5 ||   369
       Searing Ray       |     2 |    11 |    51 |    69 |    14 ||   147
       Fulminant Prism   |       |       |    12 |    84 |    30 ||   126
       Sticky Flame      |       |       |       |    42 |     6 ||    48
       Stone Arrow       |       |       |       |     3 |       ||     3
       Irradiate         |       |       |       |     6 |       ||     6
Evoke: Wand              |       |     2 |       |     7 |    21 ||    30
  Use: Scroll            |     4 |     2 |    12 |     4 |       ||    22
       Potion            |       |       |       |     1 |       ||     1
Armor: Robe              |     2 |       |       |       |       ||     2
       Leather armour    |     1 |     6 |    31 |    39 |    12 ||    89
Dodge: Dodged            |     6 |     8 |    55 |   149 |    35 ||   253
Block: Other             |     1 |     7 |    18 |    52 |    11 ||    89
       Reflection        |       |       |     2 |     9 |       ||    11
